 Dungeon Crawl Stone Soup version 0.27.0-1-g7a089689b8 (webtiles) character file.

Game seed: 3904695483622779113

282 0gre the Chiller (level 6, -1/66 HPs)
             Began as a Gnoll Ice Elementalist on Aug 9, 2021.
             Slain by Pikel (3 damage)
             ... on level 4 of the Dungeon on Aug 10, 2021.
             The game lasted 00:19:10 (3510 turns).

0gre the Chiller (Gnoll Ice Elementalist)           Turns: 3510, Time: 00:19:11

Health: -1/66      AC: 23    Str:  7    XL:     6   Next: 28%
Magic:  14/14      EV:  2    Int: 17    God:
Gold:   182        SH:  0    Dex: 12    Spells: 10/15 levels left

rFire    . . .     SeeInvis .   a - +0 flail
rCold    . . .     Faith    .   (no shield)
rNeg     + + +     Spirit   .   (armour currently unavailable)
rPois    +         Reflect  .   (helmet currently unavailable)
rElec    .         Harm     .   (cloak currently unavailable)
rCorr    .         Rampage  .   (gloves currently unavailable)
Will     .....     NoTele   +   (boots currently unavailable)
Stlth    +++.......             t - amulet of magic regeneration
HPRegen  0.21/turn              (no ring)
MPRegen  0.39/turn              (no ring)

@: tree-form
A: stationary, stasis, torment immunity, boosted hp, (fangs 1), strong nose,
distributed training
a: no special abilities


You were on level 4 of the Dungeon.
You were a tree.
You visited 1 branch of the dungeon, and saw 4 of its levels.

You collected 232 gold pieces.
You spent 50 gold pieces at shops.

Inventory:

Hand Weapons
 a - a +0 flail (weapon)
 b - a +0 hunting sling
 c - a +0 halberd
Missiles
 d - 186 stones
 e - 17 arrows
 j - 12 sling bullets
 r - a throwing net
 v - 2 boomerangs (quivered)
Armour
 f - a +0 robe (melded)
 u - a +0 pair of gloves (melded)
Jewellery
 s - a ring of fire
 t - an amulet of magic regeneration (around neck)
Wands
 n - a wand of flame (14)
Scrolls
 g - a scroll of fog {unknown}
 l - 2 scrolls of acquirement {unknown}
 p - 3 scrolls of amnesia {unknown}
 q - 2 scrolls of teleportation {unknown}
Potions
 h - 3 potions of curing
 i - a potion of ambrosia {unknown}
 k - a potion of brilliance {unknown}
 m - a potion of lignification
 o - 2 potions of might {unknown}
 w - 2 potions of degeneration {unknown}


   Skills:
 + Level 1.9 Fighting
 + Level 1.9 Short Blades
 + Level 1.9 Long Blades
 + Level 1.9 Axes
 + Level 1.9 Maces & Flails
 + Level 1.9 Polearms
 + Level 1.9 Staves
 + Level 1.9 Slings
 + Level 1.9 Bows
 + Level 1.9 Crossbows
 + Level 1.9 Throwing
 + Level 1.9 Armour
 + Level 4.9 Dodging
 + Level 4.5 Stealth
 + Level 1.9 Shields
 + Level 1.9 Unarmed Combat
 + Level 5.3 Spellcasting
 + Level 1.5 Conjurations
 + Level 1.5 Hexes
 + Level 1.5 Summonings
 + Level 1.5 Necromancy
 + Level 1.5 Translocations
 + Level 1.5 Transmutations
 + Level 1.5 Fire Magic
 + Level 7.2 Ice Magic
 + Level 1.5 Air Magic
 + Level 1.5 Earth Magic
 + Level 1.5 Poison Magic
 + Level 2.1 Invocations
 + Level 1.9 Evocations


You had 10 spell levels left.
You knew the following spells:

 Your Spells              Type           Power      Damage    Failure   Level
a - Freeze                Ice            100%       1d11      1%          1
b - Frozen Ramparts       Ice            58%        1d7       1%          3
q - Magic Dart            Conj           36%        1d4       8%          1

Your spell library contained the following spells:

 Spells                   Type           Power      Damage    Failure   Level
 Ozocubu's Armour         Ice            29%        N/A       1%          3
 Call Imp                 Summ           9%         N/A       11%         2
 Ignite Poison            Fire/Tmut/Pois 9%         N/A       22%         3
 Mephitic Cloud           Conj/Pois/Air  9%         N/A       22%         3
 Hailstorm                Conj/Ice       19%        3d6       22%         4
 Bolt of Magma            Conj/Fire/Erth 4%         4d5       90%         5


Dungeon Overview and Level Annotations

Branches:
Dungeon (4/15)
 Temple: D:4-7

Altars:
Zin

Shops:
D:1 *

Annotations:
D:4 Pikel


Innate Abilities, Weirdness & Mutations

You are a tree.
Your roots penetrate the ground, keeping you stationary.
You cannot be teleported.
You are immune to unholy pain and torment.
Your maximum health is greatly increased.
Your equipment is partially melded.
((You have very sharp teeth.))
Your uncanny sense of smell can sniff out nearby items.
Your experience applies equally to all skills.


Message History

Casting: Frozen Ramparts (safe; 1% risk of failure)
Press: ? - help, Dir - look around, f - activate The walls around you are covered in ice.
You hit the lemure but do no damage.
The wall freezes the lemure!
The lemure closely misses you.
The wall freezes Pikel.
You barely miss the lemure.
The lemure is moderately wounded.
The wall freezes the lemure.
The lemure misses you.
You hit the lemure.
The lemure is heavily wounded.
The wall freezes the lemure.
The lemure hits you!
The wall freezes Pikel.
You hit Pikel but do no damage.
Pikel is lightly wounded.
The wall freezes the lemure!
The wall freezes Pikel.
Pikel hits you with a +0 whip of electrocution!
* * * LOW HITPOINT WARNING * * *
You hit Pikel but do no damage.
Pikel is moderately wounded.
The wall freezes Pikel.
Pikel hits you with a +0 whip of electrocution!
* * * LOW HITPOINT WARNING * * *
It was a potion of curing.
You feel better.
The wall freezes the lemure.
The wall freezes Pikel.
Pikel hits you with a +0 whip of electrocution.
* * * LOW HITPOINT WARNING * * *
You hit Pikel.
Pikel is heavily wounded.
The wall freezes Pikel.
Pikel barely misses you.
It was a potion of lignification.
You turn into a tree.
Your +0 pair of gloves melds into your body.
Your +0 robe melds into your body.
Your roots penetrate the ground.
The wall freezes Pikel.
Pikel hits you but does no damage.
The wall freezes the lemure.
You hit Pikel but do no damage.
Pikel is heavily wounded.
The frozen ramparts melt away.
Pikel hits you with a +0 whip of electrocution!
* * * LOW HITPOINT WARNING * * *
Pikel hits you with a +0 whip of electrocution.
You die...

## #....
#.....##.###....
........##....#....
..................
.K.......##......(
.....$..##......#
.5.......#.......
##K...#...........
#♣....####.......# ###
##....####........
#.####.......#........
###...##.....#..........
#......#..####.##.......
##.........# ##.........
##.#......##...........
###...........#.......
#...#......###...)...


You could see Pikel and a lemure.

Vanquished Creatures
  3 lemures (D:4)
  A jelly (D:4)
  An orc priest (D:3)
  2 orc wizards (D:3)
  3 gnolls (D:3)
  6 adders
  2 dart slugs (D:3)
  10 orcs
  6 ball pythons
  3 bats (D:1)
  5 endoplasms
  4 goblins
  9 hobgoblins
  7 jackals (D:1)
  3 quokkas (D:1)
  4 frilled lizards
  7 kobolds
  4 rats
80 creatures vanquished.

Notes
Turn   | Place    | Note
-------+----------+-------------------------------------------
     0 | D:1      | 0gre the Gnoll Ice Elementalist began the quest for the
                  | Orb.
     0 | D:1      | Reached XP level 1. HP: 13/13 MP: 6/6
   140 | D:1      | Reached XP level 2. HP: 18/19 MP: 5/7
   594 | D:1      | Found Luloge Saqe's General Store.
   633 | D:1      | Found a faded altar of an unknown god.
   924 | D:1      | Reached XP level 3. HP: 25/25 MP: 9/9
   928 | D:1      | Learned a level 3 spell: Frozen Ramparts
  1004 | D:1      | Reached skill level 5 in Spellcasting
  1233 | D:1      | Bought a potion of heal wounds for 50 gold pieces
  1250 | D:2      | Found a glowing silver altar of Zin.
  1426 | D:2      | Reached skill level 1 in Invocations
  1791 | D:2      | Reached skill level 1 in Fighting
  1791 | D:2      | Reached skill level 1 in Short Blades
  1791 | D:2      | Reached skill level 1 in Long Blades
  1791 | D:2      | Reached skill level 1 in Axes
  1791 | D:2      | Reached skill level 1 in Maces & Flails
  1791 | D:2      | Reached skill level 1 in Polearms
  1791 | D:2      | Reached skill level 1 in Staves
  1791 | D:2      | Reached skill level 1 in Slings
  1791 | D:2      | Reached skill level 1 in Bows
  1791 | D:2      | Reached skill level 1 in Crossbows
  1791 | D:2      | Reached skill level 1 in Throwing
  1791 | D:2      | Reached skill level 1 in Armour
  1791 | D:2      | Reached skill level 1 in Shields
  1791 | D:2      | Reached skill level 1 in Unarmed Combat
  1791 | D:2      | Reached skill level 1 in Evocations
  1811 | D:2      | Reached XP level 4. HP: 32/32 MP: 6/11
  2118 | D:3      | Reached skill level 1 in Conjurations
  2118 | D:3      | Reached skill level 1 in Hexes
  2118 | D:3      | Reached skill level 1 in Summonings
  2118 | D:3      | Reached skill level 1 in Necromancy
  2118 | D:3      | Reached skill level 1 in Translocations
  2118 | D:3      | Reached skill level 1 in Transmutations
  2118 | D:3      | Reached skill level 1 in Fire Magic
  2118 | D:3      | Reached skill level 1 in Air Magic
  2118 | D:3      | Reached skill level 1 in Earth Magic
  2118 | D:3      | Reached skill level 1 in Poison Magic
  2331 | D:3      | Reached XP level 5. HP: 37/37 MP: 8/12
  2654 | D:3      | Reached XP level 6. HP: 30/44 MP: 6/13
  2690 | D:3      | Learned a level 1 spell: Magic Dart
  3498 | D:4      | Noticed Pikel
  3510 | D:4      | HP: 2/66 [Pikel (7)]
  3510 | D:4      | Slain by Pikel

Illustrated notes

Levels and vault maps discovered:
D:1:      dpeg_arrival_pond, layout_basic, serial_shops, shop,
          chequers_ecumenical_altar_simple_redux, serial_curves, eino_curves_04,
          eino_curves_02, eino_curves_03, eino_curves_04, minmay_heptomino_d4
D:2:      minmay_alternating_diamond, layout_basic, basic_altar, wad_orctagon
D:3:      layout_loops_ring
D:4:      layout_cave_pools, portal_sewer_entry_a, kennysheep_generic_room_14,
          uniq_pikel, uniq_natasha, uniq_blork_the_orc

Skill      XL: |  1  2  3  4  5  6 |
---------------+-------------------+-----
Spellcasting   | 5 |  5.3
Invocations    | 1 2 |  2.1
Fighting       | 1 |  1.9
Short Blades   | 1 |  1.9
Long Blades    | 1 |  1.9
Axes           | 1 |  1.9
Maces & Flails | 1 |  1.9
Polearms       | 1 |  1.9
Staves         | 1 |  1.9
Slings         | 1 |  1.9
Bows           | 1 |  1.9
Crossbows      | 1 |  1.9
Throwing       | 1 |  1.9
Armour         | 1 |  1.9
Shields        | 1 |  1.9
Unarmed Combat | 1 |  1.9
Evocations     | 1 |  1.9
Conjurations   | 1 |  1.5
Hexes          | 1 |  1.5
Summonings     | 1 |  1.5
Necromancy     | 1 |  1.5
Translocations | 1 |  1.5
Transmutations | 1 |  1.5
Fire Magic     | 1 |  1.5
Air Magic      | 1 |  1.5
Earth Magic    | 1 |  1.5
Poison Magic   | 1 |  1.5
Dodging        | |  4.9
Stealth        | |  4.5
Ice Magic      | |  7.2

Action                   |  1- 3 |  4- 6 || total
-------------------------+-------+-------++-------
Melee: Dagger            |    25 |       ||    25
       Unarmed           |     1 |       ||     1
       Flail             |     1 |    40 ||    41
       Bite              |       |     3 ||     3
 Fire: Hunting sling     |    27 |    38 ||    65
 Cast: Freeze            |    28 |       ||    28
       Frozen Ramparts   |     3 |    17 ||    20
       Magic Dart        |       |     4 ||     4
  Use: Potion            |       |     3 ||     3
 Stab: Sleeping          |     3 |       ||     3
Armor: Robe              |     5 |     3 ||     8
       Skin              |       |     1 ||     1
Dodge: Dodged            |    26 |    45 ||    71
